details: 'tk crasy'

« prev index next »

General information

Mini Map

Players

team 1
Random» UndeadViha (orange | 30 APM | 1220 actions | 40:01)
Hero icon 4 Death Knight
Ability icon 2 Death Coil
Ability icon 2 Unholy Aura
Hero icon 2 Crypt Lord
Ability icon 1 Carrion Beetles
Ability icon 1 Impale

» actions
Assign group hotkey3
Basic commands6
Build / train68
Enter build submenu21
Enter hero's abilities submenu6
Give item / drop item1
Right click535
Select / deselect511
Select group hotkey6
Use ability63
1220 total
» units
Acolyte8
Ghoul16
Crypt Fiend8
Abomination1
Obsidian Statue2
Frost Wyrm6
Gargoyle6
47 total
» upgrades
Web1
Creature Attack1
Creature Carapace1
Freezing Breath1
4 total
» buildings
Crypt1
Ziggurat8
Altar of Darkness1
Tomb of Relics1
Nerubian Tower1
Halls of the Dead1
Graveyard1
Slaughterhouse1
Sacrificial Pit1
Black Citadel1
Boneyard1
18 total
» build order
00:15 Crypt
00:20 Ziggurat
00:40 Altar of Darkness
01:06 Ziggurat
01:21 Tomb of Relics
01:36 Nerubian Tower
03:09 Ziggurat
05:17 Ziggurat
06:17 Halls of the Dead
06:19 Graveyard
09:34 Slaughterhouse
09:41 Sacrificial Pit
09:48 Black Citadel
13:29 Boneyard
15:17 Ziggurat
15:19 Ziggurat
17:11 Ziggurat
17:16 Ziggurat
» items
Rod of Necromancy1
Dust of Appearance1
Lesser Clarity Potion2
Orb of Corruption1
Potion of Healing1
6 total
OrcChaosInEuropa (teal | 55 APM | 2183 actions | 40:02)
Hero icon 5 Blademaster
Ability icon 3 Wind Walk
Ability icon 2 Critical Strike

» actions
Assign group hotkey287
Basic commands210
Build / train83
Enter build submenu45
Enter hero's abilities submenu5
Give item / drop item7
Remove unit from queue3
Right click829
Select / deselect435
Select group hotkey143
Use ability136
2183 total
» units
Peon20
Grunt6
Wind Rider17
43 total
» upgrades
Ranged Weapons3
Armor3
Reinforced Defenses1
Envenomed Spears1
Spiked Barricades1
9 total
» buildings
Orc Burrow5
Altar of Storms1
Barracks1
Voodoo Lounge3
Stronghold1
War Mill1
Beastiary4
Watch Tower54
Great Hall2
Fortress1
73 total
» build order
00:21 Orc Burrow
00:46 Altar of Storms
00:56 Barracks
01:19 Orc Burrow
01:44 Voodoo Lounge
03:00 Stronghold
04:19 War Mill
04:22 Orc Burrow
05:22 Beastiary
05:25 Beastiary
06:30 Watch Tower
06:30 Watch Tower
06:34 Watch Tower
08:42 Orc Burrow
10:33 Great Hall
11:06 Voodoo Lounge
11:09 Watch Tower
11:10 Watch Tower
11:11 Watch Tower
11:12 Watch Tower
11:15 Watch Tower
11:16 Watch Tower
14:43 Fortress
16:33 Watch Tower
16:33 Watch Tower
16:35 Watch Tower
16:35 Watch Tower
16:38 Watch Tower
17:47 Great Hall
17:59 Orc Burrow
19:02 Watch Tower
19:04 Watch Tower
19:04 Watch Tower
19:05 Watch Tower
19:07 Watch Tower
19:08 Watch Tower
19:15 Watch Tower
19:16 Watch Tower
19:18 Watch Tower
22:08 Watch Tower
22:10 Watch Tower
22:11 Watch Tower
25:34 Beastiary
25:38 Beastiary
31:49 Voodoo Lounge
33:04 Watch Tower
33:06 Watch Tower
33:07 Watch Tower
33:09 Watch Tower
33:10 Watch Tower
33:11 Watch Tower
33:12 Watch Tower
33:13 Watch Tower
33:14 Watch Tower
33:15 Watch Tower
33:17 Watch Tower
33:19 Watch Tower
33:20 Watch Tower
33:21 Watch Tower
33:23 Watch Tower
33:24 Watch Tower
33:25 Watch Tower
33:27 Watch Tower
33:29 Watch Tower
33:30 Watch Tower
33:31 Watch Tower
33:32 Watch Tower
33:35 Watch Tower
33:36 Watch Tower
33:37 Watch Tower
33:40 Watch Tower
33:41 Watch Tower
33:42 Watch Tower
» items
Healing Salve11
Lesser Clarity Potion1
Potion of Healing2
Staff of Teleportation1
Orb of Corruption1
Scroll of Town Portal1
17 total
Random» Humanjimmydeez (pink | 24 APM | 702 actions | 29:03)
Hero icon 5 Paladin
Ability icon 2 Holy Light
Ability icon 3 Devotion Aura
Hero icon 5 Mountain King
Ability icon 3 Thunder Clap
Ability icon 2 Bash

» actions
Assign group hotkey17
Build / train64
Enter build submenu16
Enter hero's abilities submenu10
Give item / drop item1
Remove unit from queue3
Right click203
Select / deselect164
Select group hotkey175
Use ability48
702 total
» units
Peasant9
Footman10
Knight8
Priest6
33 total
» upgrades
Swords3
Plating3
Lumber Harvesting2
Priest Training1
9 total
» buildings
Altar of Kings1
Farm8
Barracks1
Scout Tower1
Arcane Tower1
Keep2
Blacksmith1
Lumber Mill1
Castle1
Arcane Sanctum1
Arcane Vault1
Town Hall1
20 total
» build order
00:24 Altar of Kings
00:39 Farm
00:54 Barracks
01:18 Farm
01:47 Scout Tower
02:00 Farm
02:16 Arcane Tower
03:00 Keep
03:16 Farm
04:33 Farm
04:51 Blacksmith
05:58 Lumber Mill
06:35 Castle
08:48 Arcane Sanctum
09:35 Farm
09:55 Arcane Vault
13:16 Farm
14:12 Farm
18:10 Town Hall
21:37 Keep
» items
Orb of Lightning1
Healing Salve1
Potion of Healing1
3 total
OrcZainulabedin (green | 43 APM | 1256 actions | 28:58)
Hero icon 4 Blademaster
Ability icon 2 Critical Strike
Ability icon 2 Wind Walk
Hero icon 4 Far Seer
Ability icon 2 Feral Spirit
Ability icon 2 Chain Lighting
Hero icon 2 Tauren Chieftain
Ability icon 1 Endurance Aura
Ability icon 1 War Stomp

» actions
Assign group hotkey16
Build / train59
Enter build submenu21
Enter hero's abilities submenu10
Give item / drop item7
Remove unit from queue1
Right click619
Select / deselect135
Select group hotkey310
Use ability78
1256 total
» units
Peon9
Shaman4
Tauren12
25 total
» upgrades
Armor2
Shaman Training2
Pulverize1
Melee Weapons1
6 total
» buildings
Altar of Storms1
Orc Burrow9
War Mill1
Voodoo Lounge1
Stronghold1
Watch Tower4
Fortress1
Spirit Lodge1
Tauren Totem2
21 total
» build order
00:11 Altar of Storms
00:16 Orc Burrow
01:33 Orc Burrow
01:40 War Mill
01:51 Voodoo Lounge
03:07 Stronghold
05:09 Watch Tower
05:12 Watch Tower
05:44 Fortress
06:38 Spirit Lodge
06:42 Orc Burrow
08:06 Tauren Totem
08:10 Tauren Totem
14:06 Orc Burrow
14:08 Orc Burrow
14:10 Orc Burrow
15:25 Orc Burrow
15:28 Orc Burrow
15:37 Watch Tower
15:39 Watch Tower
17:13 Orc Burrow
» items
Healing Salve4
Periapt of Vitality3
Boots of Speed2
Circlet of Nobility2
Orb of Lightning1
12 total
team 2
OrcAJ.XX (blue | 32 APM | 229 actions | 07:14)
Hero icon 1 Blademaster
Ability icon 1 Wind Walk

» actions
Build / train29
Enter build submenu11
Enter hero's abilities submenu1
Remove unit from queue1
Right click89
Select / deselect72
Use ability26
229 total
» units
Peon6
Grunt7
Troll Headhunter/Berserker3
16 total
» upgrades
Pillage1
Troll Regeneration1
2 total
» buildings
Altar of Storms1
Orc Burrow6
Barracks2
Voodoo Lounge1
Stronghold1
Fortress1
War Mill1
13 total
» build order
00:11 Altar of Storms
00:16 Orc Burrow
00:36 Barracks
00:48 Barracks
01:12 Orc Burrow
01:44 Voodoo Lounge
02:08 Orc Burrow
02:51 Stronghold
04:27 Orc Burrow
04:30 Orc Burrow
04:39 Orc Burrow
05:13 Fortress
05:27 War Mill
» items
Healing Salve2
Lesser Clarity Potion2
Scroll of Speed1
5 total
Random» NightElfSwissCheese (yellow | 85 APM | 3419 actions | 40:01)
Hero icon 9 Warden
Ability icon 3 Fan of Knives
Ability icon 3 Blink
Ability icon 3 Shadow Strike

» actions
Assign group hotkey47
Basic commands110
Build / train145
ESC pressed9
Enter build submenu55
Enter hero's abilities submenu10
Give item / drop item4
Remove unit from queue2
Right click1761
Select / deselect357
Select group hotkey660
Use ability259
3419 total
» units
Wisp50
Archer10
Peon4
Chimaera4
Hippogryph7
75 total
» upgrades
Ultravision1
Strength of the Wild3
Nature's Blessing1
Improved Bows1
Spiked Barricades4
Reinforced Defenses1
Reinforced Hides3
Well Spring1
Corrosive Breath1
Hippogryph Taming1
Marksmanship1
Strength of the Moon3
Moon Armor3
Backpack1
Druid of the Talon Training2
Upgrade Moon Glaive1
Sentinel1
Vorpal Blades1
30 total
» buildings
Altar of Elders1
Moon Well11
Ancient of War1
Ancient of Wonders2
Tree of Ages3
Hunter's Hall1
Ancient Protector21
Watch Tower4
Tree of Eternity3
Ancient of Wind1
Chimaera Roost2
Tree of Life3
53 total
» build order
00:05 Altar of Elders
00:07 Moon Well
01:04 Moon Well
01:29 Ancient of War
02:20 Moon Well
02:34 Ancient of Wonders
02:36 Ancient of Wonders
03:01 Moon Well
03:19 Moon Well
04:20 Tree of Ages
04:21 Tree of Ages
04:52 Hunter's Hall
06:53 Ancient Protector
08:11 Ancient Protector
08:28 Watch Tower
08:32 Watch Tower
08:36 Watch Tower
08:53 Watch Tower
09:04 Tree of Eternity
09:04 Tree of Eternity
09:54 Ancient of Wind
10:55 Ancient Protector
10:58 Ancient Protector
11:21 Ancient Protector
11:45 Chimaera Roost
11:49 Chimaera Roost
12:12 Ancient Protector
12:36 Ancient Protector
12:41 Ancient Protector
14:05 Ancient Protector
17:49 Tree of Life
17:52 Ancient Protector
19:17 Ancient Protector
19:19 Ancient Protector
20:46 Moon Well
25:33 Tree of Life
25:34 Ancient Protector
25:35 Ancient Protector
25:37 Ancient Protector
25:39 Ancient Protector
26:54 Moon Well
26:56 Moon Well
26:57 Moon Well
28:10 Moon Well
28:13 Moon Well
28:50 Tree of Life
29:03 Ancient Protector
29:34 Ancient Protector
29:36 Ancient Protector
29:39 Ancient Protector
29:42 Ancient Protector
» items
Orb of Venom2
Staff of Preservation1
Boots of Speed1
Staff of Teleportation1
Scroll of Town Portal2
7 total
Random» UndeadBUDandDEVObro (purple | 21 APM | 744 actions | 35:16)
Hero icon 3 Death Knight
Ability icon 2 Death Coil
Ability icon 1 Death Pact
Hero icon 1 Blademaster
Ability icon 1 Critical Strike

» actions
Basic commands32
Build / train46
Enter build submenu44
Enter hero's abilities submenu4
Remove unit from queue2
Right click322
Select / deselect234
Use ability59
744 total
» units
Acolyte2
Ghoul5
Crypt Fiend2
Troll Headhunter/Berserker2
Grunt4
Frost Wyrm3
Gargoyle1
19 total
» upgrades
Berserker Upgrade1
Freezing Breath1
2 total
» buildings
Altar of Darkness1
Ziggurat19
Crypt1
Graveyard1
Tomb of Relics1
Halls of the Dead1
Spirit Tower12
Nerubian Tower5
Black Citadel1
Sacrificial Pit1
Boneyard2
Watch Tower13
War Mill1
59 total
» build order
00:08 Altar of Darkness
00:10 Ziggurat
00:15 Crypt
01:28 Graveyard
02:20 Ziggurat
03:09 Ziggurat
04:02 Tomb of Relics
04:05 Halls of the Dead
05:16 Spirit Tower
06:11 Nerubian Tower
06:15 Ziggurat
06:22 Ziggurat
06:29 Black Citadel
08:41 Sacrificial Pit
08:53 Ziggurat
09:05 Ziggurat
09:12 Spirit Tower
09:18 Ziggurat
09:46 Boneyard
09:52 Boneyard
10:05 Spirit Tower
10:10 Nerubian Tower
10:13 Spirit Tower
11:57 Spirit Tower
12:05 Ziggurat
12:27 Ziggurat
12:31 Spirit Tower
13:32 Watch Tower
13:35 Watch Tower
13:39 Watch Tower
13:48 Ziggurat
13:58 Watch Tower
14:02 Watch Tower
14:06 Spirit Tower
14:59 Watch Tower
15:02 Watch Tower
15:06 Nerubian Tower
15:14 Watch Tower
15:28 War Mill
16:05 Ziggurat
16:13 Ziggurat
16:20 Ziggurat
16:55 Watch Tower
17:01 Watch Tower
17:03 Spirit Tower
17:05 Spirit Tower
17:12 Spirit Tower
17:39 Ziggurat
18:24 Spirit Tower
18:35 Nerubian Tower
19:34 Watch Tower
19:44 Watch Tower
19:57 Ziggurat
20:05 Ziggurat
20:17 Ziggurat
20:28 Watch Tower
20:47 Ziggurat
27:00 Spirit Tower
27:01 Nerubian Tower
NightElfNekoChan (red | 9 APM | 66 actions | 07:25)

» actions
Build / train16
Enter build submenu1
Right click20
Select / deselect28
Use ability1
66 total
» units
Wisp16
16 total
» buildings
Moon Well1
1 total
» build order
00:56 Moon Well

Chat log

(00:13 / All) ChaosInEuropa: JUST TOO OLD, OOOOOHOHOHO OLD
(00:17 / All) ChaosInEuropa: WE'RE NOT OLD AT ALl

(01:52 / All) ChaosInEuropa: ASL all

(06:02 / All) BUDandDEVObro: lol
(06:50 / All) ChaosInEuropa: are you maphakcing or just incredibly lucky?
(07:23 / All) ChaosInEuropa: I think he was mhing
(07:37 / All) BUDandDEVObro: what was he doing??
(07:37 / All) ChaosInEuropa: creep jacked me at perfect moment
(07:45 / All) ChaosInEuropa: then hits me when I start spamming towers
(08:02 / Allies) ChaosInEuropa: gold

(09:43 / Allies) jimmydeez: all
(09:46 / Allies) jimmydeez: meet

(10:53 / Allies) ChaosInEuropa: gold

(12:04 / Allies) ChaosInEuropa: wood?

(14:34 / Allies) ChaosInEuropa: wood guys

(16:42 / Allies) ChaosInEuropa: wood

(18:19 / Allies) ChaosInEuropa: need wood badly
(18:23 / Allies) ChaosInEuropa: wood for gold
(19:17 / Allies) Viha: goooooooooooooooooooooo
(19:55 / Allies) ChaosInEuropa: wood for gold
(20:17 / Allies) ChaosInEuropa: wood for gold
(20:18 / Allies) jimmydeez: i gave you 900 wood. you gave me 7 gold
(20:28 / Allies) ChaosInEuropa: Yeah I kept my word

(22:06 / Allies) ChaosInEuropa: wood guys stop being greedy
(22:43 / All) BUDandDEVObro: got him
(22:45 / All) BUDandDEVObro: xD
(23:02 / Allies) jimmydeez: 10 gold?
(23:14 / Allies) jimmydeez: 100 wood
(23:18 / Allies) jimmydeez: for hero
(23:28 / Allies) jimmydeez: plz
(23:47 / Allies) jimmydeez: 100 wood 10 gold
(23:52 / Allies) ChaosInEuropa: need, sorry
(23:56 / All) SwissCheese: I 1v4ed all of you
(23:58 / All) SwissCheese: Time for you to go
(24:00 / All) SwissCheese: Press Alt+QQ to leave
(24:01 / All) BUDandDEVObro: we win
(24:43 / Allies) jimmydeez: orange... wood and gold for hero plz
(24:47 / All) BUDandDEVObro: killed me worker
(24:48 / Allies) Zainulabedin: why no help
(25:20 / All) SwissCheese: Teal and I were the only good players in this entire match
(26:07 / All) SwissCheese: not 1 unit lost
(26:42 / Allies) Zainulabedin: tk
(26:50 / Allies) Viha: omg
(27:21 / All) Zainulabedin: türkis is a gay tk
(27:36 / Allies) Viha: ß
(27:37 / All) SwissCheese: I 1v4ed you. a bser wasn't your problem
(27:45 / All) ChaosInEuropa: I killed all his burrows and towers
(27:47 / All) Zainulabedin: he is raped by his father
(27:50 / All) ChaosInEuropa: he just now noticed
(27:58 / All) SwissCheese: How did you know? Were you his sibling?
(28:00 / All) Zainulabedin: thatswhy he is doing so
(28:03 / Allies) Viha: crasy
(28:32 / Allies) Viha: fuck orc
(28:33 / Allies) jimmydeez: go fuck yourself teal
(29:19 / All) ChaosInEuropa: My team is basically dead
(29:26 / All) SwissCheese: finish oj
(29:29 / All) SwissCheese: and purp
(29:30 / All) ChaosInEuropa: yeah
(30:20 / All) BUDandDEVObro: xD

(32:33 / All) SwissCheese: AFK 15 mins
(32:44 / All) BUDandDEVObro: what is going on? lol
(32:56 / 5) Viha: crasy
(33:30 / All) Viha: crasy
(33:35 / All) BUDandDEVObro: what is happening?
(33:40 / All) BUDandDEVObro: lol im so high and confused lmao
(33:46 / All) BUDandDEVObro: yellow killed me with teal
(34:42 / All) ChaosInEuropa: GG son
(35:37 / All) SwissCheese: back
(35:40 / All) SwissCheese: some stupid fuck at the door
(35:46 / All) SwissCheese: Orange is still here?
(35:52 / All) ChaosInEuropa: yeah
(36:02 / All) ChaosInEuropa: Purple left
(36:04 / All) ChaosInEuropa: killing my stuff
(36:11 / All) SwissCheese: Want any help?
(36:15 / All) ChaosInEuropa: sure
(36:45 / All) SwissCheese: My NE is better than I thought, didn't lose any one of my chims or hippos this game
(36:47 / All) SwissCheese: or my warden
(36:57 / All) SwissCheese: did more with my warden than my allies did all game
(37:18 / All) ChaosInEuropa: I think blue was MH
(37:31 / All) SwissCheese: I'll check the replay, I wasn't paying attention
(37:39 / All) ChaosInEuropa: either mh or way lucky

(38:52 / All) ChaosInEuropa: take the hippos to yoru base
(39:02 / All) SwissCheese: Game over, no point
(39:21 / All) ChaosInEuropa: I think I misclicked on my que
(39:25 / All) ChaosInEuropa: and hit the ground
(39:30 / All) ChaosInEuropa: instead of a building